 Dungeon Crawl Stone Soup version 0.28-a0-664-gc179e30c89 (webtiles) character file.

Game seed: 12607609640160429901

1 cheechan the Charlatan (level 1, 13/13 HPs)
             Began as an Octopode Artificer on Oct 15, 2021.
             Quit the game on level 1 of the Dungeon.
             The game lasted 00:00:23 (212 turns).

cheechan the Charlatan (Octopode Artificer)          Turns: 212, Time: 00:00:24

Health: 13/13      AC:  1    Str: 11    XL:     1   Next: 20%
Magic:  1/1        EV: 13    Int: 13    God:
Gold:   0          SH:  0    Dex: 12    Spells: 0/0 levels left

rFire   . . .      SeeInvis .   a - +0 club (chaos)
rCold   . . .      Faith    .   (no shield)
rNeg    . . .      Spirit   .   (helmet restricted)
rPois   .          Reflect  .   (no amulet)
rElec   .          Harm     .   (no ring)
rCorr   .          Rampage  .   (no ring)
Will    .....                   (no ring)
Stlth   +++.......              (no ring)
HPRegen 0.04/turn               (no ring)
MPRegen 0.07/turn               (no ring)
                                (no ring)
                                (no ring)

@: no status effects
A: almost no armour, amphibious, 8 rings, camouflage 1, gelatinous body 1,
(nimble swimmer 1), tentacles
a: no special abilities


You were on level 1 of the Dungeon.
You visited 1 branch of the dungeon, and saw 1 of its levels.

Inventory:

Hand Weapons
 a - a +0 club of chaos (weapon)
Wands
 b - a wand of flame (15) (quivered)
 c - a wand of charming (15)
Potions
 e - a potion of magic {unknown}
Miscellaneous
 d - a piece from Xom's chessboard (15/15)


   Skills:
 + Level 1.0 Fighting
 + Level 2.3 Dodging
 + Level 1.7 Stealth
 + Level 3.2 Evocations


You couldn't memorise any spells.
You didn't know any spells.
Your spell library was empty.

Dungeon Overview and Level Annotations

Branches:
Dungeon (1/15)

Altars:


Innate Abilities, Weirdness & Mutations

You cannot wear most types of armour.
You are amphibious.
You can wear up to eight rings at the same time.
Your skin changes colour to match your surroundings (Stealth+).
Your rubbery body absorbs attacks. (AC +1, EV +1)
((You are camouflaged near water. (Stealth+)))
You have tentacles for arms and can constrict up to eight enemies at once.


Message History

Welcome, cheechan the Octopode Artificer.
They say the Orb of Zot lies within this dungeon, but they say a lot of things.
Press ? for a list of commands and other information.
Found a staircase leading out of the dungeon.
There is a fountain of clear blue water here.
A quokka comes into view.
The quokka moves out of view.
The quokka barely misses you. The quokka bites you. x2
You hit the quokka. You grab the quokka.
The quokka is severely wounded.
You constrict the quokka. The quokka closely misses you.
You completely miss the quokka.
The quokka is almost dead.
You constrict the quokka.
You kill the quokka!
You see here a quokka corpse.
Found a ring mail.
You start resting.
HP restored.
You see here a +0 ring mail.
Found a bubbling red potion.
Found a scroll labelled PEGUOSI CIOTTU.
e - a bubbling red potion
f - a scroll labelled PEGUOSI CIOTTU
As you read the scroll labelled PEGUOSI CIOTTU, it crumbles to dust.
It is a scroll of brand weapon.
Your +0 club erupts in a glittering mayhem of colour.
a - a +0 club of chaos (weapon)
Are you sure you want to abandon this character and quit the game? (Confirm with "yes".)

.........### .......#
♣.♣ #..##. ......#
♣⌠♣ #..†..
.....♣♣♣♣♣.♣♣♣♣♣..##.
.......⌠.<.⌠.....###
...♣♣♣♣♣.♣♣♣♣♣..# #
#..# ♣⌠♣ #..# #
#..##♣♣♣.♣♣♣##..# #
#.@........ ....# #
##.#.##.#.# #.#.# #
#...##...###...# #
###.###......#####
#...............
#####...########
##.## ...# ###.#


There were no monsters in sight!

Vanquished Creatures
  A quokka (D:1)
1 creature vanquished.

Notes
Turn   | Place    | Note
-------+----------+-------------------------------------------
     0 | D:1      | cheechan the Octopode Artificer began the quest for the
                  | Orb.
     0 | D:1      | Reached XP level 1. HP: 13/13 MP: 1/1
   212 | D:1      | Quit the game

Illustrated notes

Levels and vault maps discovered:
D:1:      scummos_arrival_forest, layout_loops_corners

Action                   || total
-------------------------++-------
Melee: Club              ||     2
       Constrict         ||     1
  Use: Scroll            ||     1
Dodge: Dodged            ||     2

Table legend: (Time is in decaauts)
 A = Elapsed time spent in this place.
 B = Non-inter-level travel time spent in this place.
 C = Inter-level travel time spent in this place.
 D = Time resting spent in this place.
 E = Time spent auto-exploring this place.
 F = Levels seen in this place.
 G = Mean time per level.
                   A        B        C        D        E       F      G
               +--------+--------+--------+--------+--------+-----+--------+
         Total |    212 |    212 |      0 |    159 |      0 |   1 |  212.0 |
       Dungeon |    212 |    212 |      0 |    159 |      0 |   1 |  212.0 |
               +--------+--------+--------+--------+--------+-----+--------+

Top non-repeatable levels by time:
     D:1: 212 daAuts
